 Dungeon Crawl Stone Soup version 0.28-a0-1486-g8196b01e9b (webtiles) character file.

Game seed: 11080836790053848611

338 Nattfarinn the Covert (level 6, -1/38 HPs)
             Began as a Kobold Brigand on Jan 12, 2022.
             Succumbed to Duvessa's poison
             ... on level 4 of the Dungeon.
             The game lasted 00:08:54 (4325 turns).

Nattfarinn the Covert (Kobold Brigand)              Turns: 4325, Time: 00:08:54

Health: -1/38      AC:  5    Str:  9    XL:     6   Next: 85%
Magic:  6/6        EV: 18    Int: 12    God:
Gold:   212        SH:  0    Dex: 18    Spells: 5/5 levels left

rFire   . . .      SeeInvis .   r - +2 dagger (venom)
rCold   . . .      Faith    .   (no shield)
rNeg    . . .      Spirit   .   b - +0 robe
rPois   .          Reflect  .   j - +0 helmet
rElec   .          Harm     .   h - +0 cloak
rCorr   .          Rampage  .   (no gloves)
Will    .....                   v - +0 pair of boots
Stlth   +++++.....              (no amulet)
HPRegen 0.12/turn               s - +4 ring of evasion
MPRegen 0.10/turn               (no ring)

@: lethally poisoned (-1 -> -17), about to teleport, hasted, very quick
A: small, no large weapons, nightstalker 3
a: no special abilities


You were on level 4 of the Dungeon.
You visited 1 branch of the dungeon, and saw 4 of its levels.

You collected 212 gold pieces.

Inventory:

Hand Weapons
 a - a +2 dagger
 r - a +2 dagger of venom (weapon)
Missiles
 d - 34 poisoned darts (quivered)
Armour
 b - a +0 robe (worn)
 c - a +0 cloak
 h - a +0 cloak (worn)
 j - a +0 helmet (worn)
 v - a +0 pair of boots (worn)
Jewellery
 s - a +4 ring of evasion (left hand)
Wands
 o - a wand of iceblast (5)
Scrolls
 g - a scroll of teleportation
 i - a scroll of immolation {unknown}
 l - a scroll of blinking {unknown}
 m - a scroll of vulnerability {unknown}
 n - a scroll of enchant armour {unknown}
 q - a scroll of identify {unknown}
 u - a scroll of fear {unknown}
Potions
 f - 3 potions of magic
 k - a potion of haste
 p - a potion of flight {unknown}
 t - a potion of might {unknown}
 w - 2 potions of resistance {unknown}


   Skills:
 + Level 4.0 Fighting
 * Level 4.5 Short Blades
 + Level 3.0 Throwing
 - Level 1.2 Dodging
 * Level 8.4 Stealth


You had 5 spell levels left.
You didn't know any spells.
Your spell library contained the following spells:

 Spells                   Type           Power      Damage    Failure   Level
 Foxfire                  Conj/Fire      0%         2x1d4     32%         1
 Ensorcelled Hibernation  Hex/Ice        0%         N/A       45%         2
 Passwall                 Tmut/Erth      0%         N/A       45%         2
 Confusing Touch          Hex            0%         N/A       69%         3
 Conjure Flame            Conj/Fire      0%         6-21      69%         3
 Dazzling Flash           Conj/Hex       0%         N/A       69%         3
 Inner Flame              Hex/Fire       0%         N/A       69%         3
 Summon Guardian Golem    Hex/Summ       0%         N/A       69%         3
 Swiftness                Air            0%         N/A       69%         3
 Flame Wave               Conj/Fire      0%         2d4       97%         4
 Agony                    Necr           0%         N/A       100%        5
 Silence                  Hex/Air        0%         N/A       100%        5
 Yara's Violent Unravell  Hex/Tmut       0%         3d3       100%        5
 Enfeeble                 Hex            0%         N/A       100%        7
 Orb of Destruction       Conj           0%         N/A       100%        7
 Spellforged Servitor     Conj/Summ      0%         N/A       100%        7


Dungeon Overview and Level Annotations

Branches:
Dungeon (4/15)
 Temple: D:4-7

Altars:
Cheibriados
Makhleb
Nemelex Xobeh

Shops:
D:1 (

Annotations:
D:4 Duvessa


Innate Abilities, Weirdness & Mutations

You are small and have problems with some larger weapons.
You are completely attuned to the shadows.


Message History

You hit Dowan.
Dowan is severely wounded.
Duvessa closely misses you. Dowan barely misses you.
You hit Dowan.
Dowan looks even sicker.
Dowan is almost dead.
Duvessa hits you with a +5 short sword of venom.
You are poisoned.
Dowan casts a spell.
Dowan blinks!
Unknown command.
You hit Duvessa.
Duvessa is moderately wounded.
You feel sick.
You hit Duvessa but do no damage.
Duvessa looks even sicker.
Duvessa is moderately wounded.
You feel sick.
Duvessa hits you with a +5 short sword of venom!
Throw: 35 darts (poison)
Press: ? - help, Q - select action, (/) - cycle Shift-Dir - straight line, f/p - Dowan
Aim: Dowan, wielding a +2 dagger of speed and wearing a +0 robe (almost dead, very poisoned, slow, 53% to hit)
You throw a poisoned dart. The poisoned dart hits Duvessa!
Duvessa looks as sick as possible!
Duvessa is moderately wounded.
You feel sick.
You kill Dowan!
Duvessa screams, "No!
How DARE you!"
Duvessa shakes off her lethargy.
Duvessa goes berserk!
Your Fighting skill increases to level 4!
Your Throwing skill increases to level 3!
As you read the scroll of teleportation, it crumbles to dust.
You feel strangely unstable.
You feel sick. Duvessa misses you.
Duvessa hits you with a +5 short sword of venom!
* * * LOW HITPOINT WARNING * * *
You are lethally poisoned!
It was a potion of magic.
Magic courses through your body.
* * * LOW HITPOINT WARNING * * *
You feel very sick. Duvessa misses you.
It was a potion of haste.
You feel yourself speed up.
You die...

...........#
.###.###.#.#
#.....#.#.#
######.###.#.#.###.#
#....................
#.......###.#.#.###..
#.......#...#.#...#.#
#.......#.###.###.#.#
####@#.......)))....#
..)e.#######.###.#...
[....# #......#
....(# ######.#
...(.# .. .....#
......


You could see Duvessa (berserk, extremely poisoned).

Vanquished Creatures
  A wyvern skeleton (D:3)
  Dowan (D:4)
  An iguana (D:4)
  Natasha (thrice) (D:4)
  Robin (D:2)
  2 adders
  3 gnolls (D:4)
  7 orcs (D:3)
  8 ball pythons
  5 endoplasms
  3 giant cockroaches (D:1)
  9 goblins
  11 hobgoblins
  A jackal (D:2)
  10 kobolds
  2 quokkas
  3 bats
  5 frilled lizards
  3 rats
79 creatures vanquished.

Notes
Turn   | Place    | Note
-------+----------+-------------------------------------------
     0 | D:1      | Nattfarinn the Kobold Brigand began the quest for the Orb.
     0 | D:1      | Reached XP level 1. HP: 12/12 MP: 1/1
    89 | D:1      | Found a faded altar of an unknown god.
   242 | D:1      | Reached XP level 2. HP: 18/18 MP: 2/2
   455 | D:1      | Reached skill level 6 in Stealth
   643 | D:1      | Reached XP level 3. HP: 22/22 MP: 3/3
   644 | D:1      | Found Kemikkik's Antique Weapon Boutique.
  1343 | D:2      | Found a snail-covered altar of Cheibriados.
  1544 | D:2      | Noticed Robin
  1558 | D:2      | Killed Robin
  1581 | D:2      | Reached XP level 4. HP: 20/28 MP: 4/4
  1935 | D:2      | Reached skill level 7 in Stealth
  2302 | D:3      | Found a sparkling altar of Nemelex Xobeh.
  2759 | D:3      | Reached XP level 5. HP: 21/32 MP: 5/5
  3877 | D:4      | Noticed Natasha
  3882 | D:4      | Killed Natasha
  3889 | D:4      | Noticed Natasha
  3896 | D:4      | Killed Natasha
  3897 | D:4      | Reached XP level 6. HP: 33/38 MP: 6/6
  3967 | D:4      | Noticed a water moccasin
  4005 | D:4      | Found a burning altar of Makhleb.
  4180 | D:4      | Noticed Natasha
  4186 | D:4      | Killed Natasha
  4187 | D:4      | Reached skill level 8 in Stealth
  4304 | D:4      | Noticed Dowan
  4307 | D:4      | Noticed Duvessa
  4322 | D:4      | Killed Dowan
  4325 | D:4      | Succumbed to Duvessa's poison

Illustrated notes

Levels and vault maps discovered:
D:1:      psy_arrival_fountain, layout_loops_ring,
          chequers_ecumenical_altar_lobes, serial_shops,
          nicolae_shop_window_shopping
D:2:      layout_rooms, basic_altar, serial_bayou_ford_a,
          chequers_serial_rivers_micro_d, kennysheep_generic_room_5, uniq_robin
D:3:      layout_basic, nemelex_xobeh_ov_fountains_minmay, fountainhead,
          minmay_checkerbox
D:4:      layout_basic, kennysheep_mini, minmay_misc_feat_cross,
          minmay_misc_feat_roman, corexii_leaking_fountain, uniq_grinder,
          uniq_duvessa, uniq_natasha

Skill      XL: |  1  2  3  4  5  6 |
---------------+-------------------+-----
Stealth        | 6 7 8 |  8.4
Fighting       | 3 4 |  4.0
Short Blades   | 3 4 |  4.5
Throwing       | 3 |  3.0
Dodging        | |  1.2

Action                   |  1- 3 |  4- 6 || total
-------------------------+-------+-------++-------
Melee: Dagger            |    75 |   122 ||   197
       Punch             |     3 |     2 ||     5
Throw: Dart              |     8 |    32 ||    40
  Use: Scroll            |       |     2 ||     2
       Potion            |       |     2 ||     2
 Stab: Sleeping          |    21 |    14 ||    35
       Distracted        |       |     1 ||     1
Armor: Robe              |     7 |     8 ||    15
Dodge: Dodged            |    37 |    66 ||   103

Table legend: (Time is in decaauts)
 A = Elapsed time spent in this place.
 B = Non-inter-level travel time spent in this place.
 C = Inter-level travel time spent in this place.
 D = Time resting spent in this place.
 E = Time spent auto-exploring this place.
 F = Levels seen in this place.
 G = Mean time per level.
                   A        B        C        D        E       F      G
               +--------+--------+--------+--------+--------+-----+--------+
         Total |   4304 |   4225 |     79 |    403 |   3279 |   4 | 1076.0 |
       Dungeon |   4304 |   4225 |     79 |    403 |   3279 |   4 | 1076.0 |
               +--------+--------+--------+--------+--------+-----+--------+

Top non-repeatable levels by time:
     D:3: 1629 daAuts
     D:1: 1244 daAuts
     D:2: 989 daAuts
     D:4: 441 daAuts
